 Dungeon Crawl Stone Soup version 0.17-a0-512-gd6a67cc (webtiles) character file.

2318 Fluffy the Carver (level 9, -2/68 HPs)
             Began as a Demonspawn Gladiator on Apr 11, 2015.
             Was a Believer of Makhleb.
             Slain by an orc warrior
             ... wielding a +0 glaive
              (14 damage)
             ... on level 6 of the Dungeon.
             The game lasted 00:22:41 (7130 turns).

Fluffy the Carver (Demonspawn Gladiator)            Turns: 7130, Time: 00:22:43

Health: -2/68      AC: 20    Str: 18    XL:     9   Next: 18%
Magic:  13/13      EV:  6    Int: 11    God:    Makhleb [**....]
Gold:   101        SH:  0    Dex: 17    Spells: 0 memorised, 8 levels left

rFire  . . .     SeeInvis .     a - +1 long sword
rCold  + . .     Clarity  .     k - +2 plate armour {rC+}
rNeg   . . .     SustAb   .     (no shield)
rPois  .         Gourm    .     c - +1 helmet
rElec  .         Spirit   .     m - +2 cloak
rCorr  .         Warding  .     s - +0 pair of gloves
rMut   .         Stasis   .     (no boots)
MR     .....                    (no amulet)
Stlth  ..........               (no ring)
                                (no ring)

@: not resistant to hostile enchantments, extremely unstealthy
A: thin skeletal structure 2, demonic guardian 1, rot immunity
a: Minor Destruction, Renounce Religion


You were on level 6 of the Dungeon.
You worshipped Makhleb.
Makhleb was pleased with you.
You were not hungry.

You visited 2 branches of the dungeon, and saw 7 of its levels.

You collected 270 gold pieces.
You spent 169 gold pieces at shops.

Inventory:

Hand weapons
 a - a +1 long sword (weapon)
 l - the +4 hammer of Proximity {vamp, rElec rN+, unknown}
   (You found it on level 5 of the Dungeon)

   It inflicts no extra harm, but heals its wielder somewhat when it strikes a
   living foe.
   It insulates you from electricity.
   It protects you from negative energy.
Missiles
 d - 3 throwing nets
 j - 6 exploding tomahawks (quivered)
Armour
 b - a +0 pair of gloves
 c - a +1 helmet (worn)
 k - a +2 plate armour of cold resistance (worn)
 m - a +2 cloak (worn)
 s - a +0 pair of gloves (worn)
Scrolls
 e - 4 scrolls of remove curse
 h - 2 scrolls of recharging
 i - 2 scrolls of teleportation
 n - a scroll of enchant weapon
 r - 2 scrolls of immolation
 y - 3 scrolls of magic mapping
Potions
 o - a potion of brilliance {unknown}
 p - a potion of restore abilities {unknown}
 q - 2 potions of ambrosia
 t - 2 potions of heal wounds
 v - 2 potions of invisibility
 w - a potion of might
 A - a potion of resistance {unknown}
 C - a potion of curing
Comestibles
 f - 4 bread rations
 g - 3 meat rations
 u - a beef jerky
 x - 3 chunks of flesh


   Skills:
 + Level 5.3 Fighting
 + Level 8.5 Long Blades
 - Level 1.7 Throwing
 + Level 4.3 Armour
 - Level 2.6 Dodging
 + Level 6.3 Invocations


You had 8 spell levels left.
You didn't know any spells.

Dungeon Overview and Level Annotations

Branches:
Dungeon (6/15)             Temple (1/1) D:4

Altars:
Ashenzari
Cheibriados
Elyvilon
Fedhas
Gozag
Kikubaaqudgha
Makhleb
Nemelex Xobeh
Okawaru
Ru
Sif Muna
Trog
Xom
Yredelemnul
Zin
The Shining One

Shops:
D:5 !


Innate Abilities, Weirdness & Mutations

You have a moderately thin skeletal structure (Dex +4, Stealth+).
A weak demonic guardian rushes to your aid.
You are immune to rotting.


Message History

Aim: an orc warrior, wielding a glaive and wearing a chain mail (heavily wounded)
The orc warrior struggles to resist.
You feel slightly more hungry.
The orc warrior hits you from afar with a glaive.
* * * LOW HITPOINT WARNING * * *
Your quasit bites the orc warrior.
Your quasit closely misses the orc warrior. x2
Your quasit closely misses the orc warrior.
Your quasit claws the orc warrior but does no damage. x2
Your quasit bites the orc warrior.
Your quasit claws the orc warrior.
Your quasit claws the orc warrior but does no damage.
Use which ability? (? or * to list)
Press: ? - help, Shift-Dir - straight line, f/p - orc warrior
Aim: an orc warrior, wielding a glaive and wearing a chain mail (heavily wounded)
The puff of flame hits the orc warrior.
The orc warrior appears unharmed.
The orc warrior is heavily wounded.
You feel slightly more hungry.
Your quasit misses the orc warrior.
Your quasit barely misses the orc warrior.
Your quasit misses the orc warrior.
The orc warrior hits you from afar with a glaive!
You die...

########....................)
##....##..#...#..###..........
#....>...##†#.##.# #.##.......
##...?####..#..#)###.##......#
##....###.###.#.#...#.....#.#
####.....##......>...##..#.#
##...>..........#.####....#
#...............#.........#
#.........@.o....)###.....#
#............5..#.# #...#..
##)...............###...#..
##......##........##...##.
###...>##..)...#.##...#..
##..#....##.............
#...#.....#....##....#.#
#............#.###...#.#
###..........#.#..........


You could see an orc warrior and a friendly quasit.

Vanquished Creatures
  An orc warrior (D:5)
  A phantom (D:5)
  A centaur (D:5)
  4 ogres
  Blork the orc (D:5)
  3 giant frogs (D:6)
  2 scorpions
  A crimson imp (D:6)
  An orc priest (D:3)
  A centaur zombie (D:5)
  Crazy Yiuf (D:5)
  A centaur skeleton (D:5)
  5 hounds
  An iron imp (D:6)
  2 iguanas
  6 worker ants
  A hound zombie (D:5)
  A mummy (D:5)
  5 adders
  6 gnolls
  2 shadow imps
  6 worms
  An adder zombie (D:5)
  An adder skeleton (D:5)
  7 giant geckos
  An ooze (D:2)
  13 orcs
  3 ball pythons
  12 bats
  A bat zombie (D:5)
  5 giant cockroaches
  17 goblins
  6 hobgoblins
  6 jackals
  9 giant newts
  10 kobolds
  An orc zombie (D:5)
  4 quokkas
  14 rats
164 creatures vanquished.

Vanquished Creatures (collateral kills)
  Pikel (D:6)
  Prince Ribbit (D:5)
  A slave (D:6)
  A scorpion (D:4)
  A giant frog skeleton (D:3)
  An orc wizard (D:6)
  A gnoll (D:4)
  3 orcs (D:6)
  A kobold (D:3)
  A quokka (D:3)
  A giant newt (D:3)
13 creatures vanquished.

Vanquished Creatures (others)
  2 slaves (D:6)
  2 crimson imps
  6 iron imps
  A hound (D:6)
  2 quasits
  An orc wizard (D:6)
  3 white imps
  An ufetubus (D:6)
  An orc (D:6)
  2 hobgoblins (D:6)
  A rat (D:6)
22 creatures vanquished.

Grand Total: 199 creatures vanquished

Notes
Turn   | Place    | Note
--------------------------------------------------------------
     0 | D:1      | Fluffy, the Demonspawn Gladiator, began the quest for the Orb.
     0 | D:1      | Reached XP level 1. HP: 16/16 MP: 1/1
    28 | D:1      | Reached skill level 3 in Long Blades
   377 | D:1      | Gained mutation: You have a somewhat thin skeletal structure (Dex +2, Stealth). [demonic ancestry]
   377 | D:1      | Reached XP level 2. HP: 17/22 MP: 2/2
   853 | D:1      | Gained mutation: A weak demonic guardian rushes to your aid. [demonic ancestry]
   853 | D:1      | Reached XP level 3. HP: 20/27 MP: 3/3
  1174 | D:2      | Reached skill level 4 in Long Blades
  1802 | D:2      | Reached XP level 4. HP: 25/33 MP: 4/4
  2207 | D:3      | Reached skill level 5 in Long Blades
  2207 | D:3      | Reached XP level 5. HP: 27/38 MP: 5/5
  2948 | D:4      | Reached skill level 6 in Long Blades
  2957 | D:4      | Found a snail-covered altar of Cheibriados.
  3108 | D:4      | Gained mutation: You have a moderately thin skeletal structure (Dex +4, Stealth+). [demonic ancestry]
  3108 | D:4      | Reached XP level 6. HP: 37/44 MP: 6/6
  3121 | D:4      | Found a sacrificial altar of Ru.
  3178 | D:4      | Found a bloodstained altar of Trog.
  3189 | D:4      | Noticed an ogre
  3270 | D:4      | Killed an ogre
  3494 | D:4      | Found a staircase to the Ecumenical Temple.
  3500 | Temple   | Entered the Ecumenical Temple
  3507 | Temple   | Became a worshipper of Makhleb the Destroyer
  3665 | D:4      | Found a white marble altar of Elyvilon.
  3702 | D:4      | Noticed an ogre
  3709 | D:4      | Killed an ogre
  3709 | D:4      | Reached skill level 7 in Long Blades
  3709 | D:4      | Reached skill level 1 in Invocations
  3940 | D:4      | Reached XP level 7. HP: 31/51 MP: 8/8
  4240 | D:4      | Reached skill level 1 in Armour
  4335 | D:5      | Entered Level 5 of the Dungeon
  4398 | D:5      | Noticed Blork the orc
  4403 | D:5      | Killed Blork the orc
  4446 | D:5      | Acquired Makhleb's first power
  4592 | D:5      | Found Onank's Distillery.
  4598 | D:5      | Bought a potion of heal wounds for 65 gold pieces
  4598 | D:5      | Bought a potion of curing for 39 gold pieces
  4598 | D:5      | Bought a potion of heal wounds for 65 gold pieces
  4794 | D:5      | Noticed Prince Ribbit
  4815 | D:5      | Killed Prince Ribbit
  4815 | D:5      | Reached XP level 8. HP: 34/59 MP: 10/10
  5318 | D:5      | Noticed Crazy Yiuf
  5326 | D:5      | Killed Crazy Yiuf
  5339 | D:5      | Got a warped hammer
  5642 | D:5      | You fall through a shaft!
  5667 | D:6      | Acquired Makhleb's second power
  5964 | D:6      | Noticed Pikel
  5990 | D:6      | Killed Pikel
  5990 | D:6      | Reached skill level 8 in Long Blades
  5990 | D:6      | Reached skill level 5 in Invocations
  6772 | D:6      | Found a glowing silver altar of Zin.
  6772 | D:6      | Found a blossoming altar of Fedhas.
  6864 | D:6      | Reached skill level 5 in Fighting
  6864 | D:6      | Gained mutation: You are immune to rotting. [demonic ancestry]
  6864 | D:6      | Reached XP level 9. HP: 66/68 MP: 13/13
  7078 | D:6      | Found a deep blue altar of Sif Muna.
  7130 | D:6      | Slain by an orc warrior

Action                   |  1- 3 |  4- 6 |  7- 9 || total
-------------------------+-------+-------+-------++-------
Melee: Long sword        |   161 |   220 |   362 ||   743
Invok: Minor Destruction |       |       |     8 ||     8
  Use: Scroll            |       |       |    17 ||    17
       Potion            |       |       |     1 ||     1
 Stab: Sleeping          |     5 |       |       ||     5
       Distracted        |       |       |     3 ||     3
  Eat: Chunk             |     2 |     7 |     8 ||    17
       Bread ration      |       |       |     1 ||     1
